 Dungeon Crawl Stone Soup version 0.19-a0-1170-g18f0c96 (webtiles) character file.

18 4thArraOfDagon the Ruffian (level 2, 0/26 HPs)
             Began as a Troll Artificer on Aug 16, 2016.
             Slain by Edmund
             ... wielding a +1 dire flail of pain
              (5 damage)
             ... on level 4 of the Dungeon.
             The game lasted 00:01:39 (191 turns).

4thArraOfDagon the Ruffian (Troll Artificer)         Turns: 191, Time: 00:01:39

Health: 0/26       AC:  5    Str: 19    XL:     2   Next: 48%
Magic:  2/2        EV: 10    Int:  7    God:
Gold:   14         SH:  0    Dex: 10    Spells: 0 memorised, 1 level left

rFire  . . .     SeeInvis .       - Unarmed
rCold  . . .     Gourm    +     b - +0 robe
rNeg   . . .     Faith    .     (no shield)
rPois  .         Spirit   .     (helmet restricted)
rElec  .         Dismiss  .     (no cloak)
rCorr  .         Reflect  .     (gloves unavailable)
MR     .....     Harm     .     (boots unavailable)
Stlth  +.........               (no amulet)
                                (no ring)
                                (no ring)

@: no status effects
A: unfitting armour, claws 3, fast metabolism 3, gourmand, regeneration 2,
shaggy fur 1, tough skin 2
a: no special abilities


You were on level 4 of the Dungeon.
You were very full.

You visited 1 branch of the dungeon, and saw 4 of its levels.

You collected 14 gold pieces.

Inventory:

Armour
 b - a +0 robe (worn)
Wands
 c - a wand of flame (15/48)
 d - a wand of enslavement (15/24)
 e - a wand of random effects (12/48)
Potions
 a - a potion of heal wounds {unknown}
 g - a potion of degeneration {unknown}
Comestibles
 f - 2 bread rations


   Skills:
 - Level 0.7 Fighting
   Level 0.7 Short Blades
 - Level 1.5 Dodging
 - Level 0.4 Stealth
 * Level 2.2 Unarmed Combat
 - Level 2.1 Evocations


You had one spell level left.
You didn't know any spells.

Dungeon Overview and Level Annotations

Branches:
Dungeon (4/15)
 Temple: D:4-7

Altars:

Annotations:
D:4 Edmund


Innate Abilities, Weirdness & Mutations

You are too large for most types of armour.
You have claws for hands.
Your metabolism is lightning-fast.
You like to eat raw meat.
You heal very quickly.
You are covered in fur. (AC +1)
You have very tough skin. (AC +2)


Message History

Press: ? - help, Shift-Dir - straight line, f/p - Edmund
Aim: Edmund, wielding a dire flail of pain and wearing a scale mail (heavily wounded) Edmund flickers and vanishes!
Deactivating autopickup; reactivate with Ctrl-A.
This wand has 13 charges left.
Something hits you but does no damage.
You writhe in agony.
Unknown command.
Evoke which item? (* to show all) (? for menu, Esc to quit)
Zapping:
e - a wand of random effects (13/48)
Press: ? - help, Shift-Dir - straight line Nothing appears to happen.
This wand has 12 charges left.
Something hits you. x2
You writhe in agony.
Something hits you but does no damage.
You writhe in agony.
Something hits you!
* * * LOW HITPOINT WARNING * * *
You writhe in agony.
* * * LOW HITPOINT WARNING * * *
Unknown command.
Something hits you.
You die...

########.#.#
#..........#
#.###..#.### #
#..#.# ###
#.###.รท#.. ...
#......#####.#####
###...............
#.#.####.###..#
#.#...@.......#
#.######.####.# #.
#.# .. #.. ## ####


There were no monsters in sight!

Vanquished Creatures
  An adder (D:3)
  A giant gecko (D:2)
  2 goblins
  A hobgoblin (D:2)
  A bat (D:2)
  A giant newt (D:4)
  2 kobolds
9 creatures vanquished.

Notes
Turn   | Place    | Note
-------+----------+-------------------------------------------
     0 | D:1      | 4thArraOfDagon the Troll Artificer began the quest for the Orb.
     0 | D:1      | Reached XP level 1. HP: 18/18 MP: 1/1
    44 | D:2      | Reached skill level 1 in Unarmed Combat
   126 | D:3      | Reached XP level 2. HP: 24/26 MP: 2/2
   181 | D:4      | Noticed Edmund
   191 | D:4      | Slain by Edmund

Vault maps used:
D:1:      lightli_arrival_statuegarden
D:2:      lemuel_crystal_altar, lemuel_coloured_pillars_altar,
          kennysheep_okawaru_gauntlet
D:3:      tgw_sif, portal_sewer_entry_e
D:4:      gammafunk_temple_overflow_forgotten, first_bread, uniq_edmund,
          uniq_eustachio, uniq_menkaure

Skill      XL: |  1  2 |
---------------+-------+-----
Unarmed Combat | 1 2 |  2.2
Fighting       | |  0.7
Short Blades   | |  0.7
Dodging        | |  1.5
Stealth        | |  0.4
Evocations     | |  2.1

Action                   || total
-------------------------++-------
Melee: Unarmed           ||    22
       Short sword       ||     2
Evoke: Wand              ||     3
  Eat: Chunk             ||     5
Armor: Robe              ||    13
Dodge: Dodged            ||    18
